 Dungeon Sprint DCSS version 0.21-a0-229-g3587535 (webtiles) character file.

60 Kidiri the Magician (level 3, -1/19 HPs)
             Began as a Deep Elf Fire Elementalist on Sept 1, 2017.
             Slain by a water elemental (20 damage)
             ... in the Dungeon (Sprint III: "The Ten Rune Challenge").
             The game lasted 00:01:17 (208 turns).

Kidiri the Magician (Deep Elf Fire Elementalist)     Turns: 208, Time: 00:01:17

Health: -1/19      AC:  6    Str:  5    XL:     3   Next: 80%
Magic:  11/14      EV: 13    Int: 20    God:
Gold:   20         SH:  0    Dex: 17    Spells: 8/17 levels left

rFire    . . .     SeeInvis .   (no weapon)
rCold    + . .     Gourm    .   (no shield)
rNeg     . . .     Faith    .   a - +0 robe
rPois    .         Spirit   .   (no helmet)
rElec    .         Reflect  .   (no cloak)
rCorr    .         Harm     .   (no gloves)
MR       .....     Clarity  +   (no boots) Stlth ++........NoTele +
                                (no amulet)
HPRegen  0.06/turn              (no ring)
MPRegen  0.14/turn              (no ring)

@: no status effects
A: iridescent scales 1, thin metallic scales 1, agile 1, clarity, cold
resistance 1
a: no special abilities


You were in the Dungeon.
You were not hungry.

You visited 1 branch You collected 20 gold pieces.

Inventory:

Armour
 a - a +0 robe (worn)
Wands
 k - a wand of random effects (13/48)
Scrolls
 i - a scroll of blinking
 l - 6 scrolls of remove curse
 m - a scroll of holy word
 o - a scroll of torment
Potions
 d - 2 potions of curing
 e - a potion of heal wounds
 f - a potion of haste
 g - 2 potions of magic
 h - a potion of berserk rage
 q - a potion of flight
 r - 4 potions of mutation
Books
 b - a book of Flames

   Spells                             Type                      Level
   a - Flame Tongue                   Conjuration/Fire             1
   b - Throw Flame                    Conjuration/Fire             2
   c - Conjure Flame                  Conjuration/Fire             3
   d - Inner Flame                    Hexes/Fire                   3
   e - Sticky Flame                   Conjuration/Fire             4
   f - Fireball                       Conjuration/Fire             5
Comestibles
 c - 2 bread rations
 j - 3 chunks of flesh
 p - a royal jelly


   Skills:
 - Level 2.4 Dodging
 - Level 2.4 Stealth
 * Level 7.6 Spellcasting
 + Level 4.1 Conjurations
 + Level 5.1 Fire Magic


You had 8 spell levels left.
You knew the following spells:

 Your Spells              Type           Power        Failure   Level  Hunger
a - Flame Tongue          Conj/Fire      ####.        1%          1    None
b - Throw Flame           Conj/Fire      ####..       1%          2    None
c - Conjure Flame         Conj/Fire      ####....     4%          3    None
d - Inner Flame           Hex/Fire       ###.....     10%         3    None


Dungeon Overview and Level Annotations

Branches:
Dungeon (1/1)

Altars:


Innate Abilities, Weirdness & Mutations

You are partially covered in iridescent scales. (AC +2)
You are partially covered in thin metallic scales. (AC +2)
You are agile. (Dex +2)
You possess an exceptional clarity of mind.
Your flesh is cold resistant. (rC+)


Message History

Okay, then.
You enter the shallow water.
Moving in this stuff is going to be slow.
You see here a human corpse.
You butcher the human corpse.
j - 3 chunks of flesh (gained 2)
You start resting.
Magic restored.
You open the door.
A water elemental comes into view.
The water elemental moves out of view.
Casting: Flame Tongue
Confirm with . or Enter, or press ? or * to list all spells.
Aiming: Conjure Flame
Press: ? - help, Dir - move target cursor The fire ignites!
The water elemental is engulfed in blazing flames.
The water elemental hits you!!
Ouch! That really hurt!
You die...

▓▓▓▓▓▓▓▓▓▓▓▓ ▓▓▓
<.#..+.....♣♣ ♣.#
..#..#....♣.♣ ♣.#
#'####....♣.♣ ♣.#
.....#....≈♣♣♣♣♣.###+#+#
.....#...≈≈.♣.♣♣.#......
....[#..≈≈≈≈....@E.⌠....
####'#..≈≈≈≈≈≈♣♣.#...###
..[..#.≈≈≈≈≈≈....# ⌠.#
.....#.≈≈≈≈≈.....# .#
.....#.≈≈≈.......# #
'#####...........#
.................#
▓▓▓▓▓▓▓▓▓▓▓▓▓▓▓▓▓▓


You could see a water elemental.

Vanquished Creatures
  Jessica (D)
  A human (D)
  A wolf (D)
  3 rats (D)
6 creatures vanquished.

Vanquished Creatures (others)
  6 hellions (D)
  A yaktaur (D)
7 creatures vanquished.

Grand Total: 13 creatures vanquished

Notes
Turn   | Place    | Note
-------+----------+-------------------------------------------
     0 | D        | Kidiri the Deep Elf Fire Elementalist began the quest for the Orb.
     0 | D        | Reached XP level 1. HP: 10/10 MP: 6/6
    34 | D        | Noticed Jessica
    36 | D        | Killed Jessica
    36 | D        | Reached skill level 6 in Spellcasting
    36 | D        | Reached XP level 2. HP: 15/15 MP: 6/11
    41 | D        | Learned a level 2 spell: Throw Flame
    79 | D        | Killed a yaktaur
    97 | D        | Killed a hellion
    97 | D        | Killed a hellion
    98 | D        | Reached XP level 3. HP: 18/19 MP: 9/13
   103 | D        | Learned a level 3 spell: Conjure Flame
   107 | D        | Learned a level 3 spell: Inner Flame
   124 | D        | Killed a hellion
   126 | D        | Killed a hellion
   126 | D        | Killed a hellion
   128 | D        | Gained mutation: Your body sometimes deteriorates upon taking damage. [potion of mutation]
   128 | D        | Gained mutation: You have large cloven feet. [potion of mutation]
   128 | D        | Gained mutation: You are partially covered in iridescent scales. (AC +2) [potion of mutation]
   128 | D        | Gained mutation: You are resistant to hostile enchantments. (MR+) [potion of mutation]
   129 | D        | Lost mutation: You have large cloven feet. [potion of mutation]
   129 | D        | Lost mutation: You are resistant to hostile enchantments. (MR+) [potion of mutation]
   129 | D        | Lost mutation: Your body sometimes deteriorates upon taking damage. [potion of mutation]
   129 | D        | Gained mutation: You are partially covered in thin metallic scales. (AC +2) [potion of mutation]
   129 | D        | Gained mutation: You possess an exceptional clarity of mind. [potion of mutation]
   129 | D        | Gained mutation: You are agile. (Dex +2) [potion of mutation]
   129 | D        | Gained mutation: Your flesh is cold resistant. (rC+) [potion of mutation]
   150 | D        | Reached skill level 7 in Spellcasting
   150 | D        | Reached skill level 5 in Fire Magic
   161 | D        | Killed a hellion
   206 | D        | Noticed a water elemental
   208 | D        | Slain by a water elemental

Vault maps used:
D:        dungeon_sprint_mu

Skill      XL: |  1  2  3 |
---------------+----------+-----
Spellcasting   | 6 7 |  7.6
Conjurations   | 3 4 |  4.1
Fire Magic     | 4 5 |  5.1
Dodging        | |  2.4
Stealth        | |  2.4

Action                   || total
-------------------------++-------
 Cast: Flame Tongue      ||    12
       Throw Flame       ||     2
       Conjure Flame     ||     1
  Use: Scroll            ||     3
       Potion            ||     2
Dodge: Dodged            ||     1

Table legend:
 A = Spawn XP
 B = Non-spawn XP
 C = Spawn XP percentage of total XP
 D = Spawn monster count
 E = Non-spawn monster count
 F = Spawn count percentage of total count
 G = Total turns spent on level
                    A         B        C        D         E        F      G
               +---------+---------+-------+---------+---------+-------+---------
         Total |       0 |      86 |   0.0 |       0 |       6 |   0.0 |   208
               +---------+---------+-------+---------+---------+-------+---------
             D |       0 |      86 |   0.0 |       0 |       6 |   0.0 |   208
               +---------+---------+-------+---------+---------+-------+---------
